 Dungeon Crawl Stone Soup version 0.27-a0-1456-gf5a116941d (webtiles) character file.

Game seed: 18238453192637271664

98 Exaltedone87 the Slasher (level 4, -1/40 HPs)
             Began as a Draconian Berserker on July 6, 2021.
             Was a Believer of Trog.
             Slain by a sky beast (6 damage)
             ... on level 3 of the Dungeon.
             The game lasted 00:03:55 (2359 turns).

Exaltedone87 the Slasher (Draconian Berserker)      Turns: 2359, Time: 00:03:55

Health: -1/40      AC:  5    Str: 20    XL:     4   Next: 44%
Magic:  4/4        EV: 13    Int:  8    God:    Trog [**....]
Gold:   53         SH:  0    Dex: 16    Spells: 3/3 levels left

rFire    . . .     SeeInvis .   a - +1 falchion
rCold    . . .     Faith    .   (no shield)
rNeg     . . .     Spirit   .   (armour unavailable)
rPois    .         Reflect  .   (helmet restricted)
rElec    .         Harm     .   (no cloak)
rCorr    .         Rampage  .   (no gloves)
Will     ++...                  (no boots)
Stlth    +.........             (no amulet)
HPRegen  1.13/turn              k - +6 ring of dexterity
MPRegen  0.09/turn              (no ring)

@: strong-willed, regenerating
A: AC +5, unfitting armour, cold-blooded
a: Renounce Religion, Berserk, Trog's Hand


You were on level 3 of the Dungeon.
You worshipped Trog.
Trog was pleased with you.
You visited 1 branch of the dungeon, and saw 3 of its levels.

You collected 53 gold pieces.

Inventory:

Hand Weapons
 a - a +1 falchion (weapon)
Jewellery
 k - a +6 ring of dexterity (left hand)
Scrolls
 j - a scroll of fog
Potions
 g - a potion of heal wounds


   Skills:
 + Level 4.0 Fighting
 * Level 4.3 Long Blades
 + Level 3.3 Dodging


You had 3 spell levels left.
You didn't know any spells.
Your spell library was empty.

Dungeon Overview and Level Annotations

Branches:
Dungeon (3/15)

Altars:

Shops:
D:3 !


Innate Abilities, Weirdness & Mutations

Your plain brown scales are hard. (AC +5)
You cannot fit into any form of body armour.
You are cold-blooded and may be slowed by cold attacks.


Message History

You closely miss the hobgoblin. You tail-slap the hobgoblin.
The hobgoblin is heavily wounded.
The hobgoblin hits you with a +0 whip.
You completely miss the hobgoblin.
The hobgoblin is heavily wounded.
The hobgoblin hits you with a +0 whip! The hobgoblin barely misses you.
You slash the hobgoblin!
You kill the hobgoblin!
Trog accepts your kill.
You hit the sky beast.
Your tail-slap misses the sky beast.
The sky beast is lightly wounded.
The sky beast barely misses you.
You hit the sky beast.
The sky beast is moderately wounded.
The sky beast closely misses you.
You hit the sky beast. You tail-slap the sky beast.
The sky beast is heavily wounded.
An orc comes into view.
It is wielding a +2 war axe of freezing.
The sky beast hits you. The sky beast shocks you.
An orc comes into view. It is wielding a +0 short sword.
You closely miss the sky beast.
The sky beast is heavily wounded.
The sky beast flickers out of sight!
Deactivating autopickup; reactivate with Ctrl-A.
Something hits you but does no damage. Something hits you.
Something shocks you.
You closely miss something.
Your tail-slap misses something.
Something hits you.
* * * LOW HITPOINT WARNING * * *
Something shocks you.
* * * LOW HITPOINT WARNING * * *
You miss something.
The orc shouts!
Something hits you but does no damage.
Your skin crawls.
You feel strong-willed. Something hits you.
* * * LOW HITPOINT WARNING * * *
Something shocks you.
You die...

o..##.# ..J...##
##......## ##.o......#.
#......)....
#.§≈o.>..... #
######...........
#####.##..@{oJ.o........
......)<.####...........
......#### ##..........
..... #.......... ####
....$...... #.....∩.....
#.(........#
#.....>....#


You could see 3 orcs and an endoplasm.

Vanquished Creatures
  A hound skeleton (D:2)
  3 gnolls (D:2)
  An adder (D:3)
  2 dart slugs (D:1)
  5 bats
  4 endoplasms
  A giant cockroach (D:2)
  4 goblins
  3 hobgoblins
  2 jackals (D:1)
  5 quokkas (D:1)
  4 ball pythons
  2 frilled lizards (D:1)
  3 kobolds (D:1)
  2 rats (D:1)
42 creatures vanquished.

Notes
Turn   | Place    | Note
-------+----------+-------------------------------------------
     0 | D:1      | Exaltedone87 the Draconian Berserker began the quest for
                  | the Orb.
     0 | D:1      | Reached XP level 1. HP: 19/19 MP: 1/1
   242 | D:1      | Reached XP level 2. HP: 14/26 MP: 2/2
   932 | D:1      | Reached XP level 3. HP: 25/33 MP: 3/3
  1418 | D:2      | Found a faded altar of an unknown god.
  1427 | D:2      | Reached ** piety under Trog
  1599 | D:2      | Reached XP level 4. HP: 25/40 MP: 4/4
  2326 | D:3      | Found Mompadi's Distillery.
  2327 | D:3      | Noticed a sky beast
  2359 | D:3      | Slain by a sky beast

Illustrated notes

Levels and vault maps discovered:
D:1:      sevenhm_arrival_forest_fort_small_6, layout_basic,
          chequers_serial_rivers_small_3, minmay_curled_crystal,
          lemuel_flame_loot_1
D:2:      layout_loops_ring, hellmonk_ecumenical_altar_run_dry
D:3:      layout_rooms, serial_shops, shop, nicolae_shop_trees,
          nicolae_shop_crystal, nicolae_square_shop, shop,
          guppyfry_early_lair_pool, uniq_grinder

Skill      XL: |  1  2  3  4 |
---------------+-------------+-----
Dodging        | 3 |  3.3
Long Blades    | 4 |  4.3
Fighting       | 4 |  4.0

Action                   |  1- 3 |  4- 6 || total
-------------------------+-------+-------++-------
Melee: Falchion          |   106 |    26 ||   132
       Tailslap          |    15 |     5 ||    20
Invok: Trog's Hand       |       |     1 ||     1
  Use: Scroll            |       |     6 ||     6
       Potion            |       |     2 ||     2
 Stab: Sleeping          |       |     1 ||     1
Armor: Skin              |    44 |     7 ||    51
Dodge: Dodged            |    83 |    18 ||   101
       Rpst.: Falchion   |    27 |     4 ||    31

Table legend: (Time is in decaauts)
 A = Elapsed time spent in this place.
 B = Non-inter-level travel time spent in this place.
 C = Inter-level travel time spent in this place.
 D = Time resting spent in this place.
 E = Time spent auto-exploring this place.
 F = Levels seen in this place.
 G = Mean time per level.
                   A        B        C        D        E       F      G
               +--------+--------+--------+--------+--------+-----+--------+
         Total |   2381 |   2294 |     87 |    567 |   1281 |   3 |  793.7 |
       Dungeon |   2381 |   2294 |     87 |    567 |   1281 |   3 |  793.7 |
               +--------+--------+--------+--------+--------+-----+--------+

Top non-repeatable levels by time:
     D:1: 1330 daAuts
     D:2: 1012 daAuts
     D:3: 39 daAuts
